 Dungeon Crawl Stone Soup version 0.23.2-1-ga50397a (webtiles) character file.

Game seed: 15651108242067044366

60 Fang the Skirmisher (level 4, -1/43 HPs)
             Began as a Gargoyle Berserker on Apr 24, 2019.
             Was a Believer of Trog.
             Slain by a worm (7 damage)
             ... on level 2 of the Dungeon.
             The game lasted 00:01:10 (1148 turns).

Fang the Skirmisher (Gargoyle Berserker)            Turns: 1148, Time: 00:01:10

Health: -1/43      AC:  7    Str: 26    XL:     4   Next: 4%
Magic:  4/4        EV: 12    Int:  8    God:    Trog [**....]
Gold:   28         SH:  0    Dex:  9    Spells: 3/3 levels left

rFire    . . .     SeeInvis .   a - +0 hand axe
rCold    . . .     Gourm    .   (no shield)
rNeg     + . .     Faith    .   b - +0 animal skin
rPois    ∞         Spirit   .   (no helmet)
rElec    +         Reflect  .   (no cloak)
rCorr    .         Harm     .   (no gloves)
MR       ++...                  (no boots)
Stlth    ..........             (no amulet)
HPRegen  1.14/turn              i - -2 ring of protection (curse)
MPRegen  0.09/turn              k - +4 ring of protection

@: berserking, regenerating, very quick
A: negative energy resistance 1, electricity resistance, unbreathing,
petrification resistance, rot immunity, AC +3
a: Berserk, Trog's Hand, Renounce Religion


You were on level 2 of the Dungeon.
You worshipped Trog.
Trog was pleased with you.
You were very hungry.

You visited 1 branch of the dungeon, and saw 2 of its levels.

You collected 28 gold pieces.

Inventory:

Hand Weapons
 a - a +0 hand axe (weapon)
Armour
 b - a +0 animal skin (worn)
Jewellery
 i - a cursed -2 ring of protection (left hand)
 k - a +4 ring of protection (right hand)
Scrolls
 d - a scroll of remove curse {unknown}
 h - a scroll of identify {unknown}
 j - 2 scrolls of blinking {unknown}
 m - a scroll of amnesia {unknown}
Potions
 e - 2 potions of invisibility {unknown}
 g - 3 potions of curing {unknown}
 l - a potion of berserk rage {unknown}
 n - a potion of mutation {unknown}
Comestibles
 c - 4 rations
 f - 5 chunks of flesh


   Skills:
 * Level 4.0 Fighting
 * Level 3.2 Axes
 + Level 2.8 Armour
 + Level 2.0 Dodging


You had 3 spell levels left.
You didn't know any spells.
Your spell library was empty.

Dungeon Overview and Level Annotations

Branches:
Dungeon (2/15)

Altars:
Dithmenos
Hepliaklqana
Makhleb


Innate Abilities, Weirdness & Mutations

You are resistant to torment.
Your stone body is resilient. (AC +3)
You are immune to poison.
You resist negative energy. (rN+)
You are resistant to electric shocks. (rElec)
You can survive without breathing.
You are immune to petrification.
You are immune to rotting.


Message History

You are too injured to fight recklessly!
You are too injured to fight recklessly!
You are too injured to fight recklessly!
You are too injured to fight recklessly!
You are too injured to fight recklessly!
You are too injured to fight recklessly!
You are too injured to fight recklessly!
You are too injured to fight recklessly!
You are too injured to fight recklessly!
You are too injured to fight recklessly!
Your skin crawls.
You feel resistant to hostile enchantments.
You feel somewhat more hungry. The jackal barely misses you.
A red film seems to cover your vision as you go berserk!
You feel yourself moving faster!
You feel mighty!
You are feeling very hungry.
The jackal bites you.
* * * LOW HITPOINT WARNING * * *
The worm bites you!
You die...

..............?.#
.........?......#.......
.......%........#.......
###.............#.......
#.(...........#.......
#...$.........#.......
#........[....#.......
#.............#ww.....
###...........@†......
#...........hw......
#...................
#############.......
....... ....... .......
)......


You could see 3 worms and a jackal.

Vanquished Creatures
  2 adders (D:2)
  2 giant cockroaches
  4 goblins
  4 hobgoblins
  9 jackals
  4 kobolds (D:1)
  2 quokkas (D:2)
  A ball python (D:2)
  3 bats
  A frilled lizard (D:1)
  5 rats
37 creatures vanquished.

Notes
Turn   | Place    | Note
-------+----------+-------------------------------------------
     0 | D:1      | Fang the Gargoyle Berserker began the quest for the Orb.
     0 | D:1      | Reached XP level 1. HP: 14/14 MP: 1/1
   272 | D:1      | Reached XP level 2. HP: 19/19 MP: 2/2
   695 | D:1      | Reached XP level 3. HP: 23/23 MP: 3/3
   699 | D:1      | Reached ** piety under Trog
   920 | D:2      | Found a burning altar of Makhleb.
  1024 | D:2      | Found a hazy altar of Hepliaklqana.
  1100 | D:2      | Reached skill level 4 in Fighting
  1121 | D:2      | Found a shadowy altar of Dithmenos.
  1124 | D:2      | Reached XP level 4. HP: 16/29 MP: 4/4
  1148 | D:2      | Slain by a worm

Skill      XL: |  1  2  3 |
---------------+----------+-----
Axes           | 3 |  3.2
Dodging        | 2 |  2.0
Fighting       | 4 |  4.0
Armour         | |  2.8

Action                   |  1- 3 |  4- 6 || total
-------------------------+-------+-------++-------
Melee: Hand axe          |   112 |     5 ||   117
Invok: Berserk           |       |     1 ||     1
       Trog's Hand       |       |     1 ||     1
 Stab: Sleeping          |     2 |       ||     2
  Eat: Chunk             |     1 |       ||     1
Armor: Animal skin       |    37 |     3 ||    40
Dodge: Dodged            |    82 |     5 ||    87
